 Dungeon Crawl Stone Soup version 0.31.0-1-g2c135a008e (webtiles) character file.

Game seed: 772953466615409300

63 qw the Shooter (level 4, -5/35 HPs)
             Began as a Djinni Hunter on Jan 23, 2024.
             Slain by Sigmund
             ... wielding a +0 scythe
              (10 damage)
             ... on level 2 of the Dungeon.
             The game lasted 00:00:04 (1277 turns).

qw the Shooter (Djinni Hunter)                      Turns: 1277, Time: 00:00:05

Health: -5/35      AC:  3    Str:  7 (10) XL:     4   Next: 31%
Gold:   80         EV: 12    Int:  9 (10) God:
                   SH:  0    Dex: 16 (19)

rFire   + + +        a - +0 shortbow
rCold   + . .        (shield currently unavailable)
rNeg    . . .        c - +0 leather armour
rPois   inf          (no helmet)
rElec   +            (no cloak)
rCorr   +            (no gloves)
SInv    .            (boots unavailable)
Will    +....        (no amulet)
Stlth   +            j - ring of protection from cold
HPRegen 0.25/turn    (no ring)
MPRegen 0.00/turn

%: infuse magic (-6 HP)
@: brilliant, resistant, enlightened, flying
A: sickness immunity, fire resistance 2, cold vulnerability 1, float, innate
caster, HP casting, extra vitality 1
a: no special abilities


You were on level 2 of the Dungeon.
You visited 1 branch of the dungeon, and saw 2 of its levels.

You collected 80 gold pieces.


Innate Abilities, Weirdness & Mutations

You are immune to sickness and miasma.
You are immune to poison.
Your flesh is very heat resistant. (rF++)
You are vulnerable to cold. (rC-)
You float through the air rather than walking.
You learn spells naturally, not from books.
Your magical power is your life essence.
You have superior vitality. (+4 MHP)


   Skills:
 - Level 3.0 Fighting
 - Level 4.0 Ranged Weapons
 + Level 2.5 Dodging
 - Level 0.7 Stealth


You knew the following spells:

 Your Spells              Type           Power      Damage    Failure   Level
a - Magic Dart            Conj           0%         1d3       52%         1
Your spell library was empty.

Inventory:

Hand Weapons
 a - a +0 shortbow (weapon)
Armour
 c - a +0 leather armour (worn)
Jewellery
 b - a +6 ring of strength
 j - a ring of protection from cold (left hand)
Potions
 d - a potion of heal wounds
 e - a potion of brilliance

Dungeon Overview and Level Annotations

Branches:
Dungeon (2/15)

Altars:

Annotations:
D:2 Sigmund


Message History

Sigmund points at you and mumbles some strange words.
The puff of flame misses you.
You shoot an arrow.
The arrow hits Sigmund but does no damage.
Sigmund is heavily wounded.
Sigmund hits you from afar with a +0 scythe.
You shoot an arrow.
The arrow hits Sigmund but does no damage.
Sigmund is heavily wounded.
Sigmund hits you from afar with a +0 scythe.
You shoot an arrow. The arrow closely misses Sigmund.
Sigmund mumbles some strange words.
Sigmund flickers and vanishes!
Deactivating autopickup; reactivate with Ctrl-A.
You hear a shout! x2
You shoot an arrow. Something hits you.
You shoot an arrow. Something barely misses you.
1271 ||| FLEEEEING.
You shoot an arrow.
You hear some strange, mumbled words.
You are confused.
1273 ||| DRINKING 2 cyan potions.
It was a potion of heal wounds.
You feel much better.
1274 ||| DRINKING 2 white potions.
It was a potion of brilliance.
You feel clever all of a sudden. The gnoll misses you. Something hits you!
1275 ||| DRINKING fuming orange potion.
It was a potion of resistance.
You feel protected. The gnoll hits you with a +0 flail!
1276 ||| DRINKING grey potion.
It was a potion of enlightenment.
You feel more buoyant. Something hits you! The gnoll hits you with a +0 flail.
1277 ||| DRINKING glowing brown potion.
It was a potion of degeneration.
There was something very wrong with that liquid.
You feel weakened.
You feel dopey.
You feel clumsy.
You feel less confused. The gnoll barely misses you. Something hits you!
You die...

#.....##..<...##'##...##+#
##.....#.......##.....#
#..
................##....<#
###
###.....#.#+#######....#
#.....#.#.#######....#####
#######...................
###.###........##### #.#
#........# #@# #......###
### #g# #......# #.. #.#
#......#####.. ........#
#######...##.. gg.[....+
+....... .$g.g...#
#...#... ..g.....#
#######.#... ........#
........#... ........#
#######.)...


You could see a gnoll.

Vanquished Creatures
  2 adders (D:2)
  A ribbon worm (D:2)
  2 dart slugs (D:1)
  8 endoplasms
  2 giant cockroaches (D:1)
  2 jackals (D:1)
  4 kobolds
  3 quokkas
  2 ball pythons (D:1)
  4 bats
  5 goblins (D:1)
  A rat (D:1)
36 creatures vanquished.

Notes
Turn   | Place    | Note
-------+----------+-------------------------------------------
     0 | D:1      | qw the Djinni Hunter began the quest for the Orb.
     0 | D:1      | Reached XP level 1. HP: 18/18 MP: 0/0
     0 | D:1      | 0 ||| qw: Version: 0.3-a-135-gb77e89d
     0 | D:1      | 0 ||| qw: Game counter: 779
     0 | D:1      | 0 ||| qw: Melee chars always use a shield: true
     0 | D:1      | 0 ||| qw: God list: Okawaru
     0 | D:1      | 0 ||| qw: Allow faded altars: false
     0 | D:1      | 0 ||| qw: Do Orc after clearing Dungeon:15 true
     0 | D:1      | 0 ||| qw: Do second Lair branch before Depths: true
     0 | D:1      | 0 ||| qw: Lair rune preference: random
     0 | D:1      | 0 ||| qw: Goals: Normal
     0 | D:1      | 0 ||| PLANNING D:1-11
   113 | D:1      | Reached XP level 2. HP: 23/23 MP: 0/0
   345 | D:1      | Reached skill level 4 in Ranged Weapons
   345 | D:1      | Reached XP level 3. HP: 28/28 MP: 0/0
   345 | D:1      | Learned a level 1 spell: Magic Dart
   522 | D:1      | Found a faded altar of an unknown god.
   752 | D:1      | 752 ||| UPGRADING to ring of protection from cold.
   753 | D:1      | 753 ||| READING scroll labelled HICOBB UPUOFEI.
   754 | D:1      | 754 ||| READING scroll labelled VAANAHUGOU.
   926 | D:1      | 926 ||| DRINKING 2 clear potions.
   927 | D:1      | 927 ||| DROPPING scroll of butterflies.
   928 | D:1      | 928 ||| DROPPING potion of attraction.
  1135 | D:2      | Reached skill level 3 in Fighting
  1135 | D:2      | Reached XP level 4. HP: 35/35 MP: 0/0
  1258 | D:2      | Noticed Sigmund
  1259 | D:2      | 1259 ||| RETREEEEATING.
  1271 | D:2      | 1271 ||| FLEEEEING.
  1273 | D:2      | 1273 ||| DRINKING 2 cyan potions.
  1274 | D:2      | 1274 ||| DRINKING 2 white potions.
  1275 | D:2      | 1275 ||| DRINKING fuming orange potion.
  1276 | D:2      | 1276 ||| DRINKING grey potion.
  1276 | D:2      | HP: 5/35 [gnoll/+0 flail (6)]
  1277 | D:2      | 1277 ||| DRINKING glowing brown potion.
  1277 | D:2      | Slain by Sigmund

Levels and vault maps discovered:
D:1:      saegor_arrival_simple_d, layout_basic,
          shapermc_ecumenical_altar_mp_highgroup, item_on_display_a
D:2:      layout_basic, corexii_hall_statues_i, serial_park_tiny_pond,
          grunt_ministairs_13, uniq_terence, uniq_sigmund

Skill      XL: |  1  2  3 |
---------------+----------+-----
Ranged Weapons | 4 |  4.0
Fighting       | 3 |  3.0
Dodging        | |  2.5
Stealth        | |  0.7

Action                     |  1- 3 |  4- 6 || total
---------------------------+-------+-------++-------
   Fire: Shortbow          |   110 |    22 ||   132
    Use: Scroll            |     2 |       ||     2
         Potion            |     1 |     5 ||     6
 Armour: Leather armour    |    12 |    13 ||    25
  Dodge: Dodged            |    19 |     9 ||    28

Table legend:
 A = Non-vault XP
 B = Vault XP
 C = Vault XP percentage of total XP
 D = Non-vault monster count
 E = Vault monster count
 F = Vault count percentage of total count
                 A         B        C        D         E       F
            +---------+---------+-------+---------+---------+-------
      Total |      76 |      15 |  16.5 |      34 |       2 |   5.6
            +---------+---------+-------+---------+---------+-------
        D:1 |      49 |       0 |   0.0 |      26 |       0 |   0.0
        D:2 |      27 |      15 |  35.7 |       8 |       2 |  20.0
            +---------+---------+-------+---------+---------+-------
